 Seeded DCSS version 0.30-a0-134-gb40fab5 (webtiles) character file.

Game seed: 7674855551681854916 (custom seed)

155463 brinewave the Slayer (level 17, -2/178 HPs)
             Began as a Hill Orc Cinder Acolyte on Sept 18, 2022.
             Was a Priest of Ignis.
             Slain by an alligator snapping turtle (13 damage)
             ... on level 1 of the Shoals on Sept 19, 2022.
             The game lasted 02:06:34 (26769 turns).

brinewave the Slayer (Hill Orc Cinder Acolyte)     Turns: 26769, Time: 02:06:34

Health: -2/178     AC: 35    Str: 34    XL:     17   Next: 65%
Magic:  18/18      EV:  9    Int: 14    God:    Ignis [***...]
Gold:   508        SH:  0    Dex:  6    Spells: 16/18 levels left

rFire   + + +      SeeInvis .    N - +2 broad axe (flame)
rCold   + + .      Faith    .    (no shield)
rNeg    . . .      Spirit   .    Q - +3 plate armour {rC+}
rPois   +          Reflect  .    Y - +1 helmet "Deiptuab" {rPois rF+}
rElec   +          Harm     .    p - +2 cloak
rCorr   .          Rampage  .    W - +2 pair of gloves
Will    +++..                    L - +0 pair of boots "Ynivec Ybumm" {Str+3}
Stlth   ..........               o - amulet of regeneration
HPRegen 1.19/turn                O - ring "Guew" {Contam rElec rF+ rC+ Will++ Slay+2}
MPRegen 0.16/turn                f - +6 ring of strength

@: no status effects
A: no striking features
a: Renounce Religion, Fiery Armour, Foxfire Swarm, Rising Flame


You were on level 1 of the Shoals.
You worshipped Ignis.
Ignis was most pleased with you.
You visited 4 branches of the dungeon, and saw 23 of its levels.
You also visited: Gauntlet, Ice Cave and Volcano.

You collected 2418 gold pieces.
You spent 1910 gold pieces at shops.

Inventory:

Hand Weapons
 t - a +3 war axe
 z - a +4 spectral war axe
 B - the +10 hand axe of Ledixtite {vorpal, Int+6}
   (You took it off a minotaur in a Gauntlet)

   It inflicts extra damage upon your enemies.
   Int:       It affects your intelligence (+6).
 I - a +2 battleaxe of pain
 N - a +2 broad axe of flaming (weapon)
Armour
 p - a +2 cloak (worn)
 w - a +3 ring mail of willpower
 y - the +5 chain mail of the Bull {Str+3}
   (You found it on level 9 of the Dungeon)

   Str:       It affects your strength (+3).
 L - the +0 pair of boots "Ynivec Ybumm" (worn) {Str+3}
   (You found it in a Gauntlet)

   Str:       It affects your strength (+3).
 Q - a +3 plate armour of cold resistance (worn)
 R - a +1 chain mail of poison resistance
 V - the +3 ring mail "Laishrea" {*Slow rF+++ Will+++ Dex-3}
   (You found it on level 13 of the Dungeon)

   Dex:       It affects your dexterity (-3).
   rF:        It renders you almost immune to fire.
   *Slow:     It may slow you when you take damage.
   Will:      It greatly increases your willpower.
 W - a +2 pair of gloves (worn)
 Y - the +1 helmet "Deiptuab" (worn) {rPois rF+}
   (You found it in a Gauntlet)

   rF:        It protects you from fire.
   rPois:     It protects you from poison.
Jewellery
 a - a ring of willpower
 b - a ring of protection from cold
 f - a +6 ring of strength (right hand)
 l - a ring of resist corrosion
 m - an amulet of guardian spirit
 o - an amulet of regeneration (around neck)
 r - a ring of flight
 O - the ring "Guew" (left hand) {Contam rElec rF+ rC+ Will++ Slay+2}
   (You found it on level 10 of the Dungeon)

   [ring of protection from fire]

   Slay:      It affects your accuracy & damage with ranged weapons and melee
   (+2).
   rF:        It protects you from fire.
   rC:        It protects you from cold.
   rElec:     It insulates you from electricity.
   Contam:    It causes magical contamination when unequipped.
   Will:      It greatly increases your willpower.
 T - a ring of positive energy
Wands
 h - a wand of digging (5)
 q - a wand of acid (7)
 u - a wand of iceblast (48)
 v - a wand of flame (30)
 C - a wand of mindburst (5)
 E - a wand of polymorph (3)
 K - a wand of charming (16)
Scrolls
 c - 12 scrolls of teleportation
 d - 3 scrolls of blinking
 j - 2 scrolls of magic mapping
 n - 4 scrolls of fog
 A - a scroll of silence
 D - 2 scrolls of poison
 G - 5 scrolls of fear
 M - 2 scrolls of identify
 U - 3 scrolls of summoning
 X - 2 scrolls of amnesia
Potions
 e - 8 potions of ambrosia
 i - 6 potions of heal wounds
 s - 3 potions of invisibility
 x - 12 potions of curing
 F - 3 potions of resistance
 H - a potion of mutation
 J - 3 potions of haste
 P - a potion of might
 S - 3 potions of cancellation
 Z - a potion of berserk rage
Miscellaneous
 g - a condenser vane
 k - a piece from Xom's chessboard (15/15)


   Skills:
 + Level 22.7 Fighting
 - Level 16.0 Axes
 + Level 20.8 Armour
 - Level 1.0 Spellcasting
 - Level 3.2 Fire Magic
 + Level 10.3 Evocations


You had 16 spell levels left.
You knew the following spells:

 Your Spells              Type           Power      Damage    Failure   Level
a - Scorch                Fire           18%        2d5       34%         2

Your spell library contained the following spells:

 Spells                   Type           Power      Damage    Failure   Level
 Beastly Appendage        Tmut           0%         N/A       65%         1
 Freeze                   Ice            0%         1d3       65%         1
 Necrotise                Necr           0%         1d4       65%         1
 Blink                    Tloc           0%         N/A       78%         2
 Cigotuvi's Dreadful Rot  Necr/Pois/Air  0%         N/A       78%         2
 Sublimation of Blood     Necr           0%         N/A       78%         2
 Wereblood                Tmut           0%         N/A       78%         2
 Call Canine Familiar     Summ           0%         N/A       95%         3
 Frozen Ramparts          Ice            0%         1d1       95%         3
 Lesser Beckoning         Tloc           0%         N/A       95%         3
 Portal Projectile        Hex/Tloc       0%         N/A       95%         3
 Spider Form              Tmut/Pois      0%         N/A       95%         3
 Hailstorm                Conj/Ice       0%         3d3       100%        4
 Ice Form                 Ice/Tmut       0%         N/A       100%        4
 Leda's Liquefaction      Hex/Erth       0%         N/A       100%        4
 Manifold Assault         Tloc           0%         N/A       100%        4
 Summon Ice Beast         Ice/Summ       0%         N/A       100%        4
 Borgnjor's Vile Clutch   Necr/Erth      0%         N/A       100%        5
 Simulacrum               Ice/Necr       0%         N/A       100%        6
 Haunt                    Necr/Summ      0%         N/A       100%        7
 Ozocubu's Refrigeration  Ice            0%         4d7       100%        7
 Summon Hydra             Summ           0%         N/A       100%        7


Dungeon Overview and Level Annotations

Branches:
Dungeon (15/15)            Temple (0/1) D:7            Lair (5/5) D:10
 Shoals (1/4) Lair:3       Spider (0/4) Lair:2        Slime (0/5) Lair:4
    Orc (2/2) D:12            Elf (0/3) Orc:2        Vaults (0/5) D:14
 Depths (0/4) D:15          IceCv (visited)         Volcano (visited)
Gauntlet (visited)

Altars:
Dithmenos
Elyvilon
Hepliaklqana
Okawaru
Vehumet
Yredelemnul
Beogh
Jiyva

Shops:
D:2 *   D:6 :(*   D:8 [   D:9 *   D:10 =   Orc:2 ((=[


Message History

Aiming: Throw Flame
Press: ? - help, Shift-Dir - straight line, f/p - merfolk
Aim: a merfolk, wielding a +0 trident and quivering boomerangs (moderately wounded, covered in acid, 72% to hit)
The puff of flame hits the merfolk!
The merfolk is heavily wounded.
The merfolk throws a boomerang.
The boomerang hits you but does no damage.
The merfolk closely misses you.
You barely miss the merfolk.
The merfolk is heavily wounded.
The alligator snapping turtle bites you but does no damage.
The merfolk hits you but does no damage.
You miss the merfolk.
The merfolk is heavily wounded.
The alligator snapping turtle bites you but does no damage.
The merfolk hits you but does no damage.
You hit the merfolk but do no damage.
The merfolk is heavily wounded.
You slice the merfolk!! You burn the merfolk!
The merfolk is almost dead.
The merfolk hits you with a +0 trident!
* * * LOW HITPOINT WARNING * * *
The alligator snapping turtle barely misses you.
You barely miss the merfolk.
The merfolk is almost dead.
The merfolk hits you with a +0 trident.
* * * LOW HITPOINT WARNING * * *
The alligator snapping turtle bites you but does no damage.
You chop the merfolk into pieces!!! You burn the merfolk.
You kill the merfolk!
The alligator snapping turtle bites you but does no damage.
The alligator snapping turtle bites you!!
* * * LOW HITPOINT WARNING * * *
Things that are here:
a +0 trident; a boomerang; a merfolk corpse You slash the alligator snapping turtle!
You burn the alligator snapping turtle.
The alligator snapping turtle is almost dead.
The alligator snapping turtle bites you!
You die...

≈~~~~~~~~~~..~~..~.....#...
≈≈~~~~~~~~~~~~~..~~......PP
≈~~~.##....~~~~..~~........
≈~~...##..........~...†....
≈~~~.......#..~.....###....
≈≈~~.......##.....#..##.).P
≈≈~~~...###.......##..)....
≈≈~~~....##........^.(†[...
≈≈≈~~.....@t.~....~~.<.#...
≈≈≈~~........~~.~~~~~)##...
≈≈~~~~~......~~~~.~§§§##...
≈≈~~~.~...~...~~~~~§§§§#..~
≈≈≈~~~.~~.~~..~~~~~~§§§§...
≈≈≈~~~~~~~~~~~~~≈~~~§§§§...
≈≈≈≈~~~~~~~~~~≈≈≈≈~§§§§...
≈≈≈≈≈≈≈~~~~≈≈≈≈≈≈~~~.##..
≈≈≈≈≈≈≈†~~.# ..


You could see an alligator snapping turtle.

Vanquished Creatures
  Rupert (D:14)
  A lich (IceCv)
  Gastronok (Lair:1)
  2 azure jellies (Lair:4)
  4 very ugly things
  2 orc warlords (Orc:2)
  The ghost of Lutiheq the Grappler, a journeyman DrTm of Wu Jian (Lair:4)
  A minotaur (Gauntlet)
  Snorg (D:12)
  Josephine (D:12)
  A merfolk impaler (Shoals:1)
  The ghost of Veudig the Severer, a journeyman HOFi of Dithmenos (Orc:1)
  Harold (Lair:1)
  A fire dragon (Lair:5)
  8 vault guards (D:14)
  A hell beast (Gauntlet)
  5 centaur warriors
  2 caustic shrike simulacra (IceCv)
  4 hydras
  3 death knights
  A merfolk avatar (Shoals:1)
  3 boulder beetles
  9 two-headed ogres
  2 catoblepae
  2 tengu warriors (D:13)
  9 death yaks
  4 orc high priests (Orc:2)
  Nergalle (Lair:1)
  A hell knight (Volcano)
  Lodul (D:11)
  5 skeletal warriors
  A sea snake (Shoals:1)
  A swamp dragon (Lair:5)
  An obsidian statue (IceCv)
  3 bog bodies (IceCv)
  3 spriggan simulacra (IceCv)
  3 wizards (D:15)
  3 phantasmal warriors
  A harpy (Shoals:1)
  5 orc knights
  2 necromancers
  2 deep elf pyromancers (D:15)
  25 ugly things
  A faun (Shoals:1)
  6 cyclopes
  6 orc sorcerers
  16 elephants
  6 manticores
  2 black mambas
  A naga mage (D:15)
  A molten gargoyle (Gauntlet)
  2 torpor snails
  2 gargoyles
  An unseen horror (D:10)
  10 cane toads
  3 centaur skeletons (D:15)
  11 rime drakes
  2 efreet
  An ice devil (IceCv)
  4 kobold demonologists
  19 freezing wraiths
  11 komodo dragons
  3 tengu conjurers
  2 red devils (Volcano)
  7 trolls
  2 merfolk (Shoals:1)
  A wind drake (Shoals:1)
  11 polar bears
  A queen bee (D:11)
  2 golden dragon simulacra (IceCv)
  A hornet (D:11)
  10 slime creatures
  2 raiju (Lair:5)
  A wind drake (shapeshifter) (D:15)
  20 blink frogs
  10 dream sheep
  6 jumping spiders (Lair:2)
  57 yaks
  A vampire (D:12)
  2 culicivoras (Lair:2)
  3 dire elephant simulacra (IceCv)
  5 wyverns
  Eustachio (D:4)
  11 wraiths
  6 basilisks
  2 redbacks (Lair:2)
  3 steam dragons
  2 minotaur simulacra (IceCv)
  4 vampire mosquitoes
  Menkaure (D:5)
  10 wargs
  4 harpy simulacra (IceCv)
  A hydra simulacrum (IceCv)
  11 water moccasins
  2 acid dragons (D:11)
  16 hell hounds
  2 swamp drakes (Lair:5)
  45 orc warriors
  3 alligator simulacra (IceCv)
  12 black bears
  2 ice beasts
  17 ogres
  29 wolves
  15 centaurs
  3 phantoms
  A kobold brigand (D:9)
  3 gnoll sergeants
  14 bullfrogs
  2 scorpions
  2 necrophages
  13 wights
  39 killer bees
  4 lindwurm simulacra (IceCv)
  2 howler monkeys (D:12)
  3 hounds
  2 gnoll boudas
  23 orc priests
  6 jellies
  Crazy Yiuf (D:5)
  10 iguanas
  Terence (D:2)
  23 orc wizards
  A boggart skeleton (D:15)
  A boggart simulacrum (D:15)
  6 adders
  21 gnolls
  2 river rats
  2 shadow imps
  2 white imps
  An ufetubus (D:4)
  A worm (D:2)
  3 dart slugs
  94 orcs
  8 endoplasms
  3 giant cockroaches
  8 goblins
  8 hobgoblins
  7 quokkas
  10 ball pythons
  2 bats
  3 frilled lizards
  14 kobolds
  4 rats
  A spectral orc (D:4)
935 creatures vanquished.

Vanquished Creatures (others)
  2 gnolls (D:7)
  2 foxfires (D:4)
  40 fungi
  98 plants
142 creatures vanquished.

Grand Total: 1077 creatures vanquished

Notes
Turn   | Place    | Note
-------+----------+-------------------------------------------
     0 | D:1      | brinewave the Hill Orc Cinder Acolyte began the quest for
                  | the Orb.
     0 | D:1      | Reached XP level 1. HP: 19/19 MP: 2/2
   352 | D:1      | Reached XP level 2. HP: 27/27 MP: 3/3
   529 | D:1      | Reached skill level 4 in Fighting
   599 | D:1      | Reached skill level 1 in Armour
   789 | D:1      | Reached XP level 3. HP: 33/33 MP: 4/4
  1134 | D:2      | Found Zyppaem's General Store.
  1366 | D:2      | Found a faded altar of an unknown god.
  1918 | D:2      | Noticed Terence
  1925 | D:2      | Killed Terence
  1926 | D:2      | Reached skill level 5 in Axes
  1926 | D:2      | Reached XP level 4. HP: 41/41 MP: 5/5
  1997 | D:2      | Bought a scroll of blinking for 90 gold pieces
  2260 | D:3      | Reached XP level 5. HP: 47/47 MP: 6/6
  2537 | D:3      | Reached skill level 5 in Fighting
  2895 | D:4      | Learned a level 2 spell: Scorch
  3046 | D:4      | Noticed Eustachio
  3065 | D:4      | Killed Eustachio
  3066 | D:4      | Reached XP level 6. HP: 56/57 MP: 7/7
  3239 | D:4      | Reached skill level 6 in Fighting
  3239 | D:4      | Reached XP level 7. HP: 58/63 MP: 8/8
  3382 | D:4      | Found a basalt altar of Yredelemnul.
  3844 | D:5      | Entered Level 5 of the Dungeon
  3844 | D:5      | Noticed Menkaure
  4024 | D:5      | Found a hazy altar of Hepliaklqana.
  4039 | D:5      | Reached skill level 5 in Armour
  4057 | D:5      | Reached skill level 7 in Fighting
  4057 | D:5      | Reached XP level 8. HP: 17/73 MP: 9/9
  4166 | D:5      | Killed Menkaure
  4554 | D:5      | Found an iron altar of Okawaru.
  4560 | D:5      | Found a white marble altar of Elyvilon.
  4563 | D:5      | Found a radiant altar of Vehumet.
  4646 | D:5      | Reached skill level 8 in Fighting
  4731 | D:5      | Found a runed translucent door.
  4732 | D:5      | Noticed Crazy Yiuf
  4824 | D:6      | Found Zyquss's Weapon Shoppe.
  5007 | D:6      | Found Unu Hick's General Store.
  5015 | D:6      | Bought a scroll of brand weapon for 104 gold pieces
  5015 | D:6      | Bought a potion of flight for 33 gold pieces
  5216 | D:6      | Reached XP level 9. HP: 82/82 MP: 10/10
  5216 | D:6      | Found Welorche's Book Emporium.
  5474 | D:7      | Reached skill level 9 in Fighting
  5590 | D:7      | Reached skill level 10 in Axes
  5666 | D:7      | Found a staircase to the Ecumenical Temple.
  6498 | D:8      | Reached skill level 10 in Fighting
  6507 | D:8      | Found Miwahote's Armour Shop.
  6620 | D:6      | Bought a potion of might for 44 gold pieces
  6620 | D:6      | Bought a scroll of teleportation for 33 gold pieces
  6620 | D:6      | Bought a scroll of identify for 22 gold pieces
  6945 | D:8      | Found a shadowy altar of Dithmenos.
  7603 | D:9      | Reached XP level 10. HP: 93/93 MP: 11/11
  7791 | D:9      | Noticed a cyclops
  7819 | D:9      | Killed a cyclops
  8033 | D:9      | Reached skill level 11 in Fighting
  8190 | D:9      | Found Veacieng's Elemental Accessories.
  8238 | D:9      | Identified the +5 chain mail of the Bull {Str+3}
  8337 | D:9      | Noticed a two-headed ogre
  8552 | D:9      | Killed a two-headed ogre
  8553 | D:9      | Reached skill level 10 in Armour
  8643 | D:10     | Entered Level 10 of the Dungeon
  8730 | D:10     | Reached XP level 11. HP: 102/104 MP: 12/12
  8735 | D:10     | Reached skill level 12 in Fighting
  8969 | D:10     | Found Kupantir's Jewellery Shoppe.
  8975 | D:10     | Noticed a death yak
  8991 | D:10     | Killed a death yak
  8998 | D:10     | Noticed a death yak
  8999 | D:10     | Noticed a death yak
  9008 | D:10     | Killed a death yak
  9018 | D:10     | Killed a death yak
  9046 | D:10     | Found a staircase to the Lair.
  9427 | D:10     | Identified the ring "Guew" {Contam rElec rF+ rC+ Will++
                  | Slay+2}
  9818 | D:11     | Reached skill level 13 in Fighting
  9911 | D:11     | Noticed Lodul
  9958 | Lair:1   | Entered Level 1 of the Lair of Beasts
 10012 | Lair:1   | Found a gate leading to a gauntlet.
 10027 | Gauntlet | Entered a Gauntlet
 10027 | Gauntlet | Found a transporter.
 10027 | Gauntlet | Found a transporter.
 10027 | Gauntlet | Found a transporter.
 10045 | Gauntlet | Found a transporter.
 10047 | Gauntlet | Found a transporter.
 10062 | Gauntlet | Noticed a hell beast
 10062 | Gauntlet | Found a transporter.
 10064 | Gauntlet | Found a transporter.
 10066 | Gauntlet | Noticed a catoblepas
 10075 | Gauntlet | Found a transporter.
 10092 | Gauntlet | Noticed a glowing orange brain
 10094 | Gauntlet | Noticed a green ugly thing
 10096 | Gauntlet | Found a transporter.
 10096 | Gauntlet | Noticed a green ugly thing
 10099 | Gauntlet | Found a transporter.
 10115 | Gauntlet | Found a transporter.
 10239 | Gauntlet | Killed a hell beast
 10240 | Gauntlet | Reached XP level 12. HP: 49/115 MP: 13/13
 10308 | Gauntlet | Identified the +1 helmet "Deiptuab" {rPois rF+}
 10342 | Gauntlet | Killed a catoblepas
 10499 | Gauntlet | Identified the +0 pair of boots "Ynivec Ybumm" {Str+3}
 10549 | Gauntlet | Identified the +10 hand axe of Ledixtite {vorpal, Int+6}
 10549 | Gauntlet | Noticed a minotaur
 10559 | Gauntlet | Killed a minotaur
 10560 | Gauntlet | Reached skill level 15 in Axes
 10606 | Gauntlet | Identified the +1 robe of Greater Demons {rCorr MP+9 Int+3
                  | Dex-4}
 10747 | Lair:1   | Noticed Gastronok
 10764 | Lair:1   | Killed Gastronok
 10765 | Lair:1   | Reached skill level 14 in Fighting
 10822 | Lair:1   | Noticed Harold
 10828 | Lair:1   | Killed Harold
 10901 | Lair:1   | You fall into a shaft and drop 1 floor!
 10925 | Lair:1   | Noticed Nergalle
 10937 | Lair:1   | Killed Nergalle
 11353 | Lair:1   | Noticed a catoblepas
 11373 | Lair:1   | Killed a catoblepas
 11621 | Lair:2   | Reached skill level 15 in Fighting
 11721 | Lair:2   | Reached XP level 13. HP: 127/127 MP: 14/14
 12088 | Lair:2   | Reached skill level 16 in Fighting
 12338 | Lair:2   | Found a hole to the Spider Nest.
 12813 | Lair:3   | Found a staircase to the Shoals.
 12848 | Lair:3   | Reached skill level 15 in Armour
 13554 | Lair:2   | Reached skill level 17 in Fighting
 13832 | Lair:4   | Found a runed translucent door.
 13833 | Lair:4   | Found a viscous altar of Jiyva.
 13834 | Lair:4   | Noticed an azure jelly
 13835 | Lair:4   | Found a staircase to the Slime Pits.
 13835 | Lair:4   | Noticed an azure jelly
 13897 | Lair:4   | Found a dark tunnel.
 13906 | Volcano  | Entered a volcano
 14045 | Lair:4   | Reached XP level 14. HP: 139/140 MP: 15/15
 14090 | Lair:4   | Found a runed translucent door.
 14090 | Lair:4   | Noticed Lutiheq's ghost (journeyman DrTm)
 14119 | Lair:4   | Killed Lutiheq's ghost
 14501 | Lair:5   | Entered Level 5 of the Lair of Beasts
 14760 | Lair:5   | Reached skill level 18 in Fighting
 15507 | Lair:5   | Reached skill level 19 in Fighting
 15826 | Lair:5   | Reached XP level 15. HP: 95/152 MP: 16/16
 16263 | Lair:5   | Identified the +5 falchion "Dacrank" {chaos, rF+}
 16551 | D:6      | Bought a wand of charming (4) for 105 gold pieces
 16551 | D:6      | Bought a potion of heal wounds for 55 gold pieces
 16551 | D:6      | Bought a scroll of enchant weapon for 82 gold pieces
 16800 | D:8      | Bought a +1 ring mail of cold resistance for 224 gold
                  | pieces
 16918 | D:10     | Bought a ring of protection from cold for 325 gold pieces
 17112 | D:11     | Killed Lodul
 17398 | D:11     | Reached skill level 20 in Fighting
 17398 | D:11     | Reached skill level 1 in Evocations
 18253 | D:12     | Noticed Snorg
 18269 | D:12     | Killed Snorg
 18394 | D:12     | Noticed Josephine
 18410 | D:12     | Killed Josephine
 18517 | D:12     | Found a staircase to the Orcish Mines.
 18723 | Orc:1    | Entered Level 1 of the Orcish Mines
 18932 | Orc:1    | Noticed Veudig's ghost (journeyman HOFi)
 18935 | Orc:1    | Found a runed translucent gate.
 18935 | Orc:1    | Found a runed translucent gate.
 18935 | Orc:1    | Found a runed translucent gate.
 19010 | Orc:1    | Found a roughly hewn altar of Beogh.
 19292 | Orc:1    | Killed Veudig's ghost
 19367 | Orc:2    | Entered Level 2 of the Orcish Mines
 19827 | Orc:2    | Noticed an orc warlord
 19834 | Orc:2    | Killed an orc warlord
 19994 | Orc:2    | Found a staircase to the Elven Halls.
 20056 | Orc:2    | Reached skill level 5 in Evocations
 20318 | Orc:2    | Noticed an orc warlord
 20370 | Orc:2    | Killed an orc warlord
 20482 | Orc:2    | Reached XP level 16. HP: 143/165 MP: 17/17
 20520 | Orc:2    | Found a roughly hewn altar of Beogh.
 20535 | Orc:2    | Found Ahuup's Antique Armour Emporium.
 20694 | Orc:2    | Found Fehexul's Jewellery Boutique.
 20735 | Orc:2    | Bought a ring of willpower for 325 gold pieces
 20735 | Orc:2    | Bought a +6 ring of strength for 468 gold pieces
 20847 | Orc:2    | Found a roughly hewn altar of Beogh.
 20981 | Orc:2    | Found Aseziof's Antique Weapon Emporium.
 20993 | Orc:2    | Reached skill level 21 in Fighting
 21004 | Orc:2    | Found Tanol's Antique Weapon Shoppe.
 21539 | Lair:4   | Killed an azure jelly
 21548 | Lair:4   | Killed an azure jelly
 21863 | D:5      | Killed Crazy Yiuf
 22292 | D:13     | Identified the +3 ring mail "Laishrea" {*Slow rF+++ Will+++
                  | Dex-3}
 23525 | D:14     | Found a gate to the Vaults.
 23706 | D:14     | Noticed Rupert
 23721 | D:14     | Killed Rupert
 24094 | D:15     | Entered Level 15 of the Dungeon
 24124 | D:15     | Found a frozen archway.
 24191 | IceCv    | Entered an ice cave
 24313 | IceCv    | Reached XP level 17. HP: 92/176 MP: 18/18
 24428 | IceCv    | Found an ancient bone altar of Kikubaaqudgha.
 24445 | IceCv    | Reached skill level 22 in Fighting
 24803 | IceCv    | Noticed a lich
 24843 | IceCv    | Killed a lich
 25372 | IceCv    | Got the Guide on the Iceberg and the Grave
 25835 | D:15     | Reached skill level 10 in Evocations
 26027 | D:15     | Found a staircase to the Depths.
 26495 | Shoals:1 | Entered Level 1 of the Shoals
 26747 | Shoals:1 | HP: 6/178 [alligator snapping turtle (20)]
 26769 | Shoals:1 | Slain by an alligator snapping turtle

Illustrated notes

Levels and vault maps discovered:
D:1:      tarquinn_simple_flora_water_a, layout_basic, serial_rivers,
          chequers_serial_rivers_micro_e, chequers_serial_rivers_micro_d,
          chequers_serial_rivers_micro_a, chequers_serial_rivers_small_a,
          chequers_serial_rivers_micro_a
D:2:      layout_basic, serial_shops, nicolae_square_shop,
          nicolae_ecumenical_snake_handling, uniq_terence
D:3:      layout_loops_ring, serial_bayou_lake_a
D:4:      layout_basic, yredelemnul_forgotten_temple_becter, uniq_eustachio
D:5:      layout_cave_pools, old_standard_altar, minitemple,
          kennysheep_generic_room_5, uniq_menkaure, uniq_crazy_yiuf_cottage
D:6:      layout_basic, serial_shops, nicolae_shop_behind_doors,
          nicolae_diamond_shop, nicolae_shop_statue_plus, st_stairs_14
D:7:      layout_loops_corners, temple_pool_b
D:8:      layout_basic, nicolae_dithmenos_through_a_glass_darkly, serial_shops,
          shop
D:9:      layout_basic, nicolae_elemental_shop, minmay_sticks_and_stones
D:10:     layout_basic, dpeg_lair_monsters, serial_shops, shop
D:11:     layout_gridville, special_room [special_room_bee], pond, uniq_lodul
D:12:     layout_basic, david_orc_4, uniq_josephine, uniq_snorg
D:13:     layout_irregular_city, minmay_fountain_box, minmay_misc_feat_five
D:14:     layout_roguey, erik_vaults_2, minmay_door_square, uniq_rupert
D:15:     grunt_enter_depths_magical_seal, layout_irregular_city,
          serial_bayou_pond_d, portal_ice_cave_entry_ugly_swarm
Lair:1:   layout_chaotic_city, gauntlet_entry_generic, st_stairs_11,
          serial_bayou_crossing, uniq_nergalle, uniq_gastronok, uniq_harold
Lair:2:   nzn_winding_woodlands_three_and_one
          [nzn_winding_woodlands_5x15_concentric,
          nzn_winding_woodlands_5x15_split_checker,
          nzn_winding_woodlands_5x15_cabin,
          nzn_winding_woodlands_center_pierced_h], layout_misc_corridors,
          nicolae_spider_entry_tight_spaces, serial_bayou_shore_b
Lair:3:   layout_cave_pods, elwin_shoals_entry_rocks
Lair:4:   layout_big_grid, slime_entry_2, nicolae_volcano_entry_lava_flow,
          hellmonk_ghost_happy_afterlife
Lair:5:   guppyfry_lair_end_dragon, layout_loops_ring,
          hangedman_lair_caniforms_friends, nicolae_lair_grove_arrangements
Shoals:1: layout_shoals, abandoned_shop, nicolae_shoals_square_sea_wall
Orc:1:    layout_caves, gammafunk_ghost_split, basic_altar
Orc:2:    pubby_orc_utopia

Skill      XL: |  1  2  3  4  5  6  7  8  9 10 11 12 13 14 15 16 17 |
---------------+----------------------------------------------------+-----
Fighting       | 4 5 6 7 8 10 11 13 15 17 19 20 21 22 | 22.7
Armour         | 1 2 3 4 5 6 8 10 11 13 15 17 18 20 | 20.8
Axes           | 5 6 7 9 11 12 14 16 | 16.0
Evocations     | 5 8 10 | 10.3
Spellcasting   | |  1.0
Fire Magic     | |  3.2

Action                   |  1- 3 |  4- 6 |  7- 9 | 10-12 | 13-15 | 16-18 || total
-------------------------+-------+-------+-------+-------+-------+-------++-------
Melee: Hand axe          |   134 |   108 |   177 |       |  1286 |   503 ||  2208
       Punch             |       |     1 |     3 |     4 |    29 |     7 ||    44
       War axe           |       |       |   171 |   379 |   174 |       ||   724
       Battleaxe         |       |       |       |       |    13 |       ||    13
       Broad axe         |       |       |       |       |       |   346 ||   346
Throw: Stone             |       |       |     1 |       |       |       ||     1
 Cast: Scorch            |       |       |     2 |       |       |       ||     2
Invok: Fiery Armour      |     1 |     2 |     2 |       |       |       ||     5
       Foxfire Swarm     |       |     1 |       |       |       |       ||     1
Evoke: Wand              |       |       |       |       |       |     8 ||     8
  Use: Scroll            |     3 |     5 |    10 |    10 |     7 |     8 ||    43
       Potion            |       |       |       |     1 |       |     3 ||     4
 Stab: Sleeping          |       |       |     1 |       |       |       ||     1
       Distracted        |       |       |     4 |     5 |       |       ||     9
Armor: Robe              |     2 |       |       |       |       |       ||     2
       Ring mail         |    47 |       |       |       |       |       ||    47
       Scale mail        |       |    43 |   144 |    42 |       |       ||   229
       Chain mail        |       |       |       |   121 |   765 |   272 ||  1158
       Plate armour      |       |       |       |       |       |   340 ||   340
Dodge: Dodged            |    53 |    39 |   128 |   101 |   451 |   320 ||  1092

Table legend: (Time is in decaauts)
 A = Elapsed time spent in this place.
 B = Non-inter-level travel time spent in this place.
 C = Inter-level travel time spent in this place.
 D = Time resting spent in this place.
 E = Time spent auto-exploring this place.
 F = Levels seen in this place.
 G = Mean time per level.
                   A        B        C        D        E       F      G
               +--------+--------+--------+--------+--------+-----+--------+
         Total |  25984 |  23588 |   2396 |   2627 |  13755 |  26 |  999.4 |
       Dungeon |  15518 |  13611 |   1907 |    996 |   8614 |  15 | 1034.5 |
          Lair |   5665 |   5291 |    374 |    609 |   3154 |   5 | 1133.0 |
        Shoals |    187 |    187 |      0 |     44 |     16 |   1 |  187.0 |
  Orcish Mines |   2514 |   2400 |    114 |    196 |   1486 |   2 | 1257.0 |
      Ice Cave |   1293 |   1293 |      0 |    532 |    318 |   1 | 1293.0 |
       Volcano |    116 |    116 |      0 |      7 |     37 |   1 |  116.0 |
      Gauntlet |    688 |    688 |      0 |    242 |    130 |   1 |  688.0 |
               +--------+--------+--------+--------+--------+-----+--------+

Top non-repeatable levels by time:
   Orc:2: 1841 daAuts
  Lair:5: 1656 daAuts
    D:10: 1435 daAuts
  Lair:2: 1431 daAuts
   IceCv: 1293 daAuts
    D:12: 1207 daAuts
     D:8: 1196 daAuts
    D:14: 1174 daAuts
     D:7: 1162 daAuts
     D:9: 1137 daAuts
     D:2: 1134 daAuts
     D:4: 1124 daAuts
  Lair:3: 1087 daAuts
     D:5: 1041 daAuts
     D:1: 902 daAuts
